 Dungeon Crawl Stone Soup version 0.27.0-1-g7a089689b8 (webtiles) character file.

Game seed: 16720117969491430840

87485 HungrySpirit the Carver (level 15, -5/138 HPs)
             Began as a Demigod Summoner on Aug 1, 2021.
             Slain by a shambling mangrove (16 damage)
             ... on level 2 of the Swamp on Aug 2, 2021.
             The game lasted 01:17:25 (49767 turns).

HungrySpirit the Carver (Demigod Summoner)         Turns: 49767, Time: 01:17:26

Health: -5/138     AC: 14    Str: 23    XL:     15   Next: 4%
Magic:  21/21      EV: 16    Int: 17    God:
Gold:   237        SH:  8    Dex: 26    Spells: 14/17 levels left

rFire    + . .     SeeInvis .   z - +6 long sword (vorpal)
rCold    + . .     Faith    .   B - +2 buckler
rNeg     . . .     Spirit   .   R - +0 swamp dragon scales
rPois    +         Reflect  .   I - +0 helmet
rElec    .         Harm     .   s - scarf {rC+ rF+}
rCorr    .         Rampage  .   E - +1 pair of gloves
Will     +....                  (no boots)
Stlth    ++........             (no amulet)
HPRegen  0.33/turn              y - ring of wizardry
MPRegen  0.17/turn              f - +6 ring of strength

@: mighty, grasped by roots, constricted
A: high mp 1, forlorn
a: no special abilities


You were on level 2 of the Swamp.
You visited 5 branches of the dungeon, and saw 25 of its levels.
You also visited: Ice Cave.

You collected 2265 gold pieces.
You spent 2028 gold pieces at shops.

Inventory:

Hand Weapons
 n - a +2 short sword of electrocution
 z - a +6 vorpal long sword (weapon)
 D - a +3 demon blade
 O - a +0 vorpal scimitar
Missiles
 p - 54 poisoned darts (quivered)
Armour
 s - a scarf of resistance (worn)
 B - a +2 buckler (worn)
 C - the +1 fire dragon scales of the Gloaming {+Inv rF++ rC- Will+ Stlth+}
   (You bought it in a shop on level 2 of the Orcish Mines)

   rF:        It greatly protects you from fire.
   rC:        It makes you vulnerable to cold.
   +Inv:      It lets you turn invisible.
   Will:      It increases your willpower.
   Stlth:     It makes you more stealthy.
 E - a +1 pair of gloves (worn)
 I - a +0 helmet (worn)
 K - a +0 plate armour
 R - +0 swamp dragon scales (worn)
Jewellery
 f - a +6 ring of strength (right hand)
 y - a ring of wizardry (left hand)
 F - a ring of wizardry
 H - a ring of fire
 T - a ring of ice
Wands
 j - a wand of polymorph (17)
 r - a wand of charming (3)
 Q - a wand of flame (19)
 S - a wand of paralysis (10)
Scrolls
 b - a scroll of holy word
 c - 7 scrolls of magic mapping
 l - a scroll of fog
 m - 3 scrolls of amnesia
 t - a scroll of torment
 u - 3 scrolls of teleportation
 v - 2 scrolls of blinking
 A - 4 scrolls of immolation
 J - 5 scrolls of enchant weapon
 L - 5 scrolls of noise
 M - 3 scrolls of identify
Potions
 a - a potion of flight
 d - 2 potions of brilliance
 e - a potion of heal wounds
 g - a potion of curing
 h - 3 potions of mutation
 i - 3 potions of attraction
 k - 3 potions of lignification
 o - a potion of might
 q - a potion of haste
 w - a potion of ambrosia
 x - a potion of resistance
 G - 3 potions of magic
Miscellaneous
 N - a lightning rod (1/4)
 P - a condenser vane (inert)


   Skills:
 * Level 14.0 Fighting
 + Level 14.5 Long Blades
 + Level 10.8 Armour
 + Level 9.6 Dodging
 - Level 1.7 Stealth
 - Level 4.0 Shields
 - Level 1.7 Spellcasting
 - Level 3.6 Summonings
 * Level 3.6 Evocations


You had 14 spell levels left.
You knew the following spells:

 Your Spells              Type           Power      Damage    Failure   Level
a - Summon Small Mammal   Summ           52%        N/A       2%          1
b - Call Imp              Summ           13%        N/A       4%          2

Your spell library contained the following spells:

 Spells                   Type           Power      Damage    Failure   Level
 Call Canine Familiar     Summ           13%        N/A       8%          3
 Animate Skeleton         Necr           2%         N/A       12%         1
 Apportation              Tloc           2%         N/A       12%         1
 Corona                   Hex            1%         N/A       12%         1
 Foxfire                  Conj/Fire      4%         2x1d4     12%         1
 Freeze                   Ice            4%         1d3       12%         1
 Magic Dart               Conj           4%         1d3       12%         1
 Pain                     Necr           4%         1d4       12%         1
 Sting                    Tmut/Pois      4%         1d3       12%         1
 Passwall                 Tmut/Erth      0%         N/A       16%         2
 Poisonous Vapours        Pois/Air       2%         N/A       16%         2
 Static Discharge         Conj/Air       1%         N/A       16%         2
 Summon Guardian Golem    Hex/Summ       7%         N/A       16%         3
 Conjure Flame            Conj/Fire      1%         6-21      32%         3
 Frozen Ramparts          Ice            2%         1d2       32%         3
 Inner Flame              Hex/Fire       1%         N/A       32%         3
 Mephitic Cloud           Conj/Pois/Air  1%         N/A       32%         3
 Swiftness                Air            1%         N/A       32%         3
 Summon Lightning Spire   Summ/Air       7%         N/A       45%         4
 Dispel Undead            Necr           1%         3d6       69%         4
 Hailstorm                Conj/Ice       1%         3d3       69%         4
 Olgreb's Toxic Radiance  Pois           1%         N/A       69%         4
 Passage of Golubria      Tloc           N/A        N/A       69%         4
 Sticky Flame             Conj/Fire      1%         2d3       69%         4
 Agony                    Necr           1%         N/A       95%         5
 Alistair's Intoxication  Tmut/Pois      0%         N/A       95%         5
 Borgnjor's Vile Clutch   Necr/Erth      0%         N/A       95%         5
 Excruciating Wounds      Necr           0%         N/A       95%         5
 Fireball                 Conj/Fire      0%         3d3       95%         5
 Silence                  Hex/Air        0%         N/A       95%         5
 Eringya's Noxious Bog    Tmut/Pois      0%         N/A       100%        6
 Invisibility             Hex            0%         N/A       100%        6
 Starburst                Conj/Fire      0%         8x6d3     100%        6
 Ignition                 Fire           0%         3d3       100%        8
 Lehudib's Crystal Spear  Conj/Erth      0%         10d2      100%        8


Dungeon Overview and Level Annotations

Branches:
Dungeon (14/15)            Temple (0/1) D:5            Lair (6/6) D:8
  Swamp (2/4) Lair:4        Snake (1/4) Lair:3        Slime (0/5) Lair:6
    Orc (2/2) D:12            Elf (0/3) Orc:2         IceCv (visited)
 Vaults: D:13-14

Shops:
D:4 **   D:13 [   Orc:2 [?:*

Portals:
Trove: D:10 (give 5 scrolls of fog)

Annotations:
D:4 1 runed translucent door, Crazy Yiuf
D:9 4 runed translucent doors
D:13 exclusion: 3 doors
Lair:1 exclusion: 2 oklob plants


Innate Abilities, Weirdness & Mutations

Your attributes grow dramatically as you level up.
You have an increased reservoir of magic. (+10% MP)
You shall have no god before yourself.


Message History

You closely miss the eleionoma. You slash the eleionoma!
The eleionoma is lightly wounded.
The eleionoma hurls a spray of splinters at you.
The spray of wooden splinters hits you!
You barely miss the eleionoma.
The eleionoma is lightly wounded.
You block the eleionoma's attack.
You slice the eleionoma!!
The eleionoma is heavily wounded.
The eleionoma hits you!
You slice the eleionoma!!
The eleionoma is almost dead.
You slash the eleionoma!
You kill the eleionoma!
The shambling mangrove hits you but does no damage.
You see here an eleionoma corpse.
You feel very mighty all of a sudden.
Roots burst forth from the earth!
The grasping roots grab you! The grasping roots constrict you.
The roots' grasp on you weakens, but your attempt to escape fails.
The grasping roots constrict you!
You slice the shambling mangrove!!
The shambling mangrove is moderately damaged.
You hit the shambling mangrove.
The shambling mangrove is moderately damaged.
The shambling mangrove misses you. The grasping roots constrict you!
You slash the shambling mangrove!
The shambling mangrove is heavily damaged.
You slash the shambling mangrove!
The shambling mangrove is heavily damaged.
The shambling mangrove hits you but does no damage.
* * * LOW HITPOINT WARNING * * *
The grasping roots constrict you!
You slash the shambling mangrove!
The shambling mangrove is severely damaged.
The shambling mangrove hits you!!
* * * LOW HITPOINT WARNING * * *
You die...

.. ≈≈≈. ....≈≈..≈
≈. ≈≈≈§..♣≈.. .≈.
......♣≈≈≈♣♣♣♣≈≈≈
≈≈≈≈≈≈.≈≈♣≈≈≈≈.≈≈
≈≈≈≈≈≈≈≈....≈...≈≈
≈≈≈≈≈≈≈≈..≈≈≈≈≈♣
≈≈.≈≈≈≈≈.≈f≈§≈♣
≈≈≈>.≈≈≈≈≈@♣♣♣♣
≈≈..≈≈≈≈.§♣♣♣♣♣
≈≈≈≈≈≈≈≈≈...≈.♣
≈≈≈≈≈≈≈≈.♣♣≈≈≈≈♣
≈≈≈≈≈≈..♣♣ .≈.♣♣
.≈.≈...§.♣
♣♣♣♣♣♣♣♣#
.≈≈≈≈§≈≈.♣♣
♣♣.≈.♣≈
.≈≈≈≈.....♣
♣≈).≈♣≈##
≈≈≈≈≈..≈(.♣♣
♣♣≈...♣♣≈#


You could see a shambling mangrove.

Vanquished Creatures
  Kirke (D:11)
  An eleionoma (Swamp:2)
  Fannar (Lair:3)
  4 boulder beetles
  6 centaur warriors
  3 hydras
  2 death knights
  5 two-headed ogres
  3 alligators
  Urug (Lair:1)
  5 orc high priests
  A death yak (IceCv)
  3 hell knights (D:13)
  A skeletal warrior (D:13)
  A spriggan druid (Swamp:1)
  2 bog bodies (Lair:4)
  A wizard (D:13)
  5 orc knights
  A manticore (D:13)
  3 cyclopes
  A will-o-the-wisp (Swamp:1)
  An orc sorcerer (Orc:1)
  2 ugly things
  10 elephants
  7 black mambas
  An ice statue (IceCv)
  6 cane toads
  2 smoke demons
  A gargoyle (D:13)
  2 rime drakes
  2 kobold demonologists (D:13)
  An unseen horror (D:11)
  12 komodo dragons
  2 tengu conjurers (D:13)
  A rime drake (shapeshifter) (Lair:6)
  Psyche (D:9)
  3 freezing wraiths
  An ancient zyme (Lair:6)
  3 trolls
  7 polar bears (IceCv)
  3 hornets
  A tyrant leech (Lair:4)
  4 slime creatures
  30 blink frogs
  7 dream sheep
  4 spriggans
  Sigmund (D:3)
  2 vampires
  4 wyverns
  2 wraiths
  A ynoxinul (Lair:6)
  61 yaks
  10 humans (D:13)
  9 basilisks
  A chaos spawn (Lair:6)
  8 vampire mosquitoes
  2 nagas (Lair:3)
  2 wargs (Orc:1)
  A swamp worm (Swamp:2)
  3 acid dragons
  11 water moccasins
  5 hell hounds (D:13)
  A hornet zombie (D:7)
  2 ice beasts
  34 orc warriors
  2 necrophages
  8 centaurs
  5 ogres
  42 wolves
  A phantom (D:5)
  A kobold brigand (D:7)
  3 gnoll sergeants (D:8)
  11 bullfrogs
  2 scorpions
  11 small abominations
  A water moccasin skeleton (D:3)
  5 killer bees (D:7)
  12 wights
  An elephant simulacrum (Lair:2)
  5 electric eels
  A bullfrog zombie (D:6)
  5 centaur zombies
  2 hounds (D:5)
  2 gnoll shamans
  30 orc priests
  Terence (D:2)
  An iguana (D:5)
  23 orc wizards
  A wolf simulacrum (Lair:2)
  3 hound zombies (D:5)
  A howler monkey zombie (D:9)
  26 gnolls
  7 adders
  A white imp (D:7)
  An ufetubus (D:5)
  A worm (D:5)
  A dart slug (D:1)
  74 orcs
  3 ball pythons
  7 endoplasms
  2 giant cockroaches
  3 goblins
  8 hobgoblins
  3 jackals (D:1)
  3 quokkas
  5 bats
  5 frilled lizards (D:1)
  12 kobolds
  8 rats
675 creatures vanquished.

Vanquished Creatures (collateral kills)
  2 hell knights (D:13)
  2 hell hounds (D:13)
  An orc wizard (D:8)
  A ball python (D:2)
  An endoplasm (D:3)
  A kobold (D:2)
  A frilled lizard (D:2)
9 creatures vanquished.

Vanquished Creatures (others)
  A hell knight (D:13)
  A necromancer (D:13)
  A bloated husk (Swamp:1)
  2 humans (D:12)
  An orc wizard (Orc:1)
  2 orcs (D:12)
  2 foxfires (Swamp:1)
  45 fungi
  96 plants
151 creatures vanquished.

Grand Total: 835 creatures vanquished

Notes
Turn   | Place    | Note
-------+----------+-------------------------------------------
     0 | D:1      | HungrySpirit the Demigod Summoner began the quest for the
                  | Orb.
     0 | D:1      | Reached XP level 1. HP: 14/14 MP: 5/5
   216 | D:1      | Reached skill level 1 in Fighting
   469 | D:1      | Reached XP level 2. HP: 23/23 MP: 7/7
  1344 | D:2      | Noticed Terence
  1408 | D:1      | Learned a level 2 spell: Call Imp
  1454 | D:2      | Reached XP level 3. HP: 25/30 MP: 8/8
  1488 | D:2      | Killed Terence
  2491 | D:3      | Reached XP level 4. HP: 34/40 MP: 9/9
  2592 | D:3      | Noticed Sigmund
  2673 | D:3      | Killed Sigmund
  2674 | D:3      | Reached XP level 5. HP: 29/47 MP: 1/10
  2934 | D:3      | Reached skill level 5 in Fighting
  3784 | D:4      | Reached XP level 6. HP: 56/56 MP: 11/11
  3827 | D:4      | Found Fuakh's General Store.
  3829 | D:4      | Found Pyumopt's Specific Store.
  3837 | D:4      | Bought a potion of curing for 39 gold pieces
  3837 | D:4      | Bought a scroll of teleportation for 39 gold pieces
  3962 | D:4      | Found a runed translucent door.
  3963 | D:4      | Noticed Crazy Yiuf
  4360 | D:4      | Reached skill level 1 in Long Blades
  4782 | D:5      | Entered Level 5 of the Dungeon
  5537 | D:5      | Reached XP level 7. HP: 49/64 MP: 12/12
  5877 | D:5      | Found a staircase to the Ecumenical Temple.
  6087 | D:6      | Noticed a yak
  6087 | D:6      | Noticed a yak
  6087 | D:6      | Noticed a yak
  6088 | D:6      | Noticed a yak
  6089 | D:6      | Noticed a yak
  6089 | D:6      | Noticed a yak
  6100 | D:5      | Killed a yak
  6715 | D:5      | Killed a yak
  6716 | D:5      | Reached XP level 8. HP: 45/74 MP: 13/13
  6931 | D:6      | Reached skill level 1 in Armour
  8243 | D:6      | Reached skill level 5 in Long Blades
  8918 | D:7      | Reached XP level 9. HP: 76/83 MP: 14/14
 10705 | D:8      | HP: 4/85 [wyvern (9)]
 11468 | D:8      | Reached skill level 1 in Shields
 12966 | D:8      | Noticed a komodo dragon
 13380 | D:8      | Killed a komodo dragon
 13469 | D:8      | Found a staircase to the Lair.
 13712 | D:9      | Reached skill level 10 in Fighting
 13712 | D:9      | Reached XP level 10. HP: 85/93 MP: 15/15
 14069 | D:9      | Reached skill level 5 in Armour
 14134 | D:9      | Found a runed translucent door.
 14853 | D:9      | Noticed Psyche
 14866 | D:9      | Killed Psyche
 14883 | D:9      | Found a runed translucent door.
 15667 | D:9      | Found a runed translucent door.
 15687 | D:9      | Found a runed translucent door.
 15780 | D:10     | Entered Level 10 of the Dungeon
 16457 | D:10     | Found a portal to a secret trove of treasure.
 16469 | D:10     | Identified a scroll of acquirement
 16470 | D:10     | Acquired a scarf of resistance
 16637 | D:10     | Noticed a two-headed ogre
 16906 | Lair:1   | Entered Level 1 of the Lair of Beasts
 16910 | Lair:1   | Noticed Urug
 17712 | D:10     | Killed a two-headed ogre
 17877 | D:10     | Noticed a two-headed ogre
 17891 | D:10     | Killed a two-headed ogre
 18420 | D:10     | Noticed an angel
 18971 | D:11     | Noticed a cyclops
 19154 | D:11     | Reached XP level 11. HP: 89/100 MP: 17/17
 19960 | D:11     | Noticed a two-headed ogre
 20388 | D:11     | Killed a two-headed ogre
 20624 | D:12     | Noticed a death knight
 20674 | D:12     | Noticed a two-headed ogre
 20867 | Lair:1   | Killed Urug
 20868 | Lair:1   | Reached skill level 5 in Dodging
 21218 | Lair:1   | Reached skill level 10 in Long Blades
 21702 | Lair:1   | HP: 1/101 [blink frog (12)]
 23347 | Lair:1   | Identified the +1 leather armour of Midsummer {-Cast rPois
                  | rC+++ Stlth+}
 23511 | Lair:2   | Found a frozen archway.
 23537 | IceCv    | Entered an ice cave
 24149 | IceCv    | Reached XP level 12. HP: 106/110 MP: 18/18
 25528 | IceCv    | Noticed an ironbound frostheart
 25528 | IceCv    | Noticed an ironbound frostheart
 27528 | Lair:3   | Noticed Nergalle
 27531 | Lair:3   | Noticed Nergalle
 27531 | Lair:3   | Nergalle changed into Nergalle the dream sheep
 27539 | Lair:3   | Killed Nergalle the dream sheep
 27544 | Lair:3   | Noticed a seven-headed hydra
 27857 | Lair:3   | Found a staircase to the Snake Pit.
 28446 | Lair:3   | Noticed a boulder beetle
 28447 | Lair:3   | Noticed Fannar
 28472 | Lair:3   | Killed a boulder beetle
 28745 | Lair:3   | Killed Fannar
 29036 | Lair:3   | Reached XP level 13. HP: 117/117 MP: 19/19
 29665 | Lair:4   | Found a staircase to the Swamp.
 32398 | Lair:6   | Entered Level 6 of the Lair of Beasts
 34732 | D:12     | Noticed Kirke
 34976 | D:11     | Killed Kirke
 35354 | D:12     | Found a staircase to the Orcish Mines.
 35363 | Orc:1    | Entered Level 1 of the Orcish Mines
 35559 | Orc:2    | Entered Level 2 of the Orcish Mines
 35815 | Orc:1    | Noticed an orc warlord
 36150 | Orc:2    | Found a staircase to the Elven Halls.
 38006 | Orc:2    | Reached XP level 14. HP: 103/127 MP: 20/20
 38194 | Orc:2    | Reached skill level 10 in Armour
 38983 | Orc:2    | Found Fuiti's Antique Armour Shop.
 38986 | Orc:2    | Found Kobist's Assorted Antiques.
 38987 | Orc:2    | Found Geuq's Magic Scroll Shop.
 38988 | Orc:2    | Found Tujyoxke's Book Boutique.
 39992 | D:13     | Found Teasad's Antique Armour Emporium.
 41069 | Orc:2    | Bought bloodstained fire dragon scales for 1950 gold pieces
 41069 | Orc:2    | Identified the +1 fire dragon scales of the Gloaming {+Inv
                  | rF++ rC- Will+ Stlth+} (You bought it in a shop on level 2
                  | of the Orcish Mines)
 44122 | D:13     | Reached skill level 1 in Evocations
 45834 | Lair:6   | Found a staircase to the Slime Pits.
 47228 | Snake:1  | Entered Level 1 of the Snake Pit
 48091 | D:14     | Noticed a tengu reaver
 48503 | Swamp:1  | Entered Level 1 of the Swamp
 49267 | Swamp:2  | Reached XP level 15. HP: 48/137 MP: 21/21
 49767 | Swamp:2  | Slain by a shambling mangrove

Illustrated notes

Levels and vault maps discovered:
D:1:      eino_arrival_tree_alley, layout_loops_ring
D:2:      layout_rooms, shapermc_ecumenical_altar_flowoftime,
          minmay_quadrilaterals, uniq_terence
D:3:      layout_rooms, uniq_sigmund
D:4:      layout_loops_ring, mainiacjoe_overflow_surrounded_room,
          mainiacjoe_overflow_brackets, nicolae_specific_store,
          uniq_crazy_yiuf_cottage
D:5:      layout_basic, tso_oasis_becter, minmay_temple_entry_enclosed_plants,
          kennysheep_boxes
D:6:      layout_gridville, xom_redecorated, minmay_misc_feat_rugged,
          serial_bayou_ford_a
D:7:      layout_loops_ring, chequers_temple_overflow_statue_of_worship,
          nemelex_diamond_rough_becter
D:8:      layout_basic, erik_lair_dragon, serial_rivers,
          chequers_serial_rivers_micro_a, chequers_serial_rivers_large_a,
          chequers_serial_rivers_small_a, chequers_serial_rivers_small_3
D:9:      layout_irregular_city, minmay_statue_crystal_thing, uniq_psyche
D:10:     layout_stronghold, zin_angel, nicolae_trove_entry_crossroad,
          glass_columns_c
D:11:     layout_small_grid
D:12:     layout_long_grid, erik_orc_2, st_stairs_13, uniq_kirke
D:13:     kennysheep_six_static_rooms, layout_gridville,
          grunt_vaults_entry_tiered, eino_tiny_chamber, abandoned_shop,
          nicolae_take_the_stairs, minmay_rotating_lava
D:14:     layout_irregular_city, nrook_uturn, kennysheep_island_fort
Lair:1:   layout_big_grid, serial_bayou_shore_a, minmay_lair_oklob_chamber,
          uniq_urug
Lair:2:   layout_cellular_growth, portal_ice_cave_entry_ice_simulacra
Lair:3:   layout_cave_pods, guppyfry_snake_entry_island, beast_lair_carwin_4,
          serial_bayou_shore_b, uniq_nergalle, uniq_fannar
Lair:4:   layout_regular_city, skrybe_swamp_entry_bodies
Lair:5:   layout_regular_city
Lair:6:   hellmonk_lair_end_abyssal_woods, layout_layer_cave, slime_altar_1
Swamp:1:  layout_basic_swamp, evilmike_swamp_ruin_house_2, swamp_pool1,
          infiniplex_staircase_pool, uniq_louise
Swamp:2:  layout_basic_swamp, evilmike_swamp_ruin_house_6, swamp_pool4,
          grunt_witch_cave, infiniplex_staircase_pool_2
Snake:1:  layout_misc_corridors
Orc:1:    layout_diamond_mine, abandoned_shop, uniq_erolcha
Orc:2:    st_orc_pillars, layout_caves

Skill      XL: |  1  2  3  4  5  6  7  8  9 10 11 12 13 14 15 |
---------------+----------------------------------------------+-----
Fighting       | 1 2 4 5 6 8 9 10 11 12 13 14 | 14.0
Long Blades    | 2 3 5 7 9 11 12 13 14 | 14.5
Armour         | 3 4 5 7 8 9 10 | 10.8
Shields        | 2 4 |  4.0
Dodging        | 2 4 5 6 8 9 |  9.6
Evocations     | 3 |  3.6
Stealth        | |  1.7
Spellcasting   | |  1.7
Summonings     | |  3.6

Action                   |  1- 3 |  4- 6 |  7- 9 | 10-12 | 13-15 || total
-------------------------+-------+-------+-------+-------+-------++-------
Melee: Short sword       |   159 |   155 |   342 |   518 |    42 ||  1216
       Long sword        |       |       |       |   697 |  1416 ||  2113
       Unarmed           |       |       |       |       |     1 ||     1
Throw: Dart              |       |     5 |    67 |     6 |    18 ||    96
       Throwing net      |       |       |       |     1 |       ||     1
 Cast: Summon Small Mamm |     6 |       |       |       |       ||     6
       Call Imp          |     9 |    10 |       |    36 |       ||    55
Evoke: Wand              |       |       |    55 |    20 |    49 ||   124
       Lightning rod     |       |       |       |       |     7 ||     7
       Condenser vane    |       |       |       |       |     1 ||     1
  Use: Scroll            |     2 |       |     4 |    28 |     5 ||    39
       Potion            |       |       |     2 |    10 |     8 ||    20
 Stab: Sleeping          |     2 |       |       |       |       ||     2
       Paralysed         |       |       |     7 |     2 |       ||     9
       Invisible         |       |       |       |     4 |       ||     4
       Distracted        |       |       |       |     4 |       ||     4
       Betrayed ally     |       |       |       |       |     1 ||     1
Armor: Scale mail        |    32 |       |       |       |       ||    32
       Ring mail         |    52 |    49 |    69 |   127 |       ||   297
       Plate armour      |       |       |       |   272 |   342 ||   614
       Fire dragon scale |       |       |       |       |    92 ||    92
       Swamp dragon scal |       |       |       |       |    20 ||    20
Dodge: Dodged            |    89 |    82 |   144 |   467 |   574 ||  1356
Block: Buckler           |       |       |    22 |   360 |   469 ||   851
       Rpst.: Long sword |       |       |       |    77 |   128 ||   205
